 Dungeon Sprint DCSS version 0.23-a0-677-g07611c5 (webtiles) character file.

12811 Lanoc the Bludgeoner (level 11, -4/124 HPs)
             Began as a Troll Berserker on Jan 9, 2019.
             Was the Champion of Trog.
             Slain by a two-headed ogre
             ... wielding a +0 giant club
              (21 damage)
             ... in the Dungeon (Sprint IX: "|||||||||||||||||||||||||||||").
             The game lasted 00:08:48 (1686 turns).

Lanoc the Bludgeoner (Troll Berserker)              Turns: 1686, Time: 00:08:49

Health: -4/124     AC:  6    Str: 33    XL:     11   Next: 67%
Magic:  3/3        EV: 12    Int:  6    God:    Trog [******]
Gold:   1275       SH:  0    Dex:  4    Spells: 10/10 levels left

rFire    + + +     SeeInvis .   w - +4 giant club of War {antimagic, Fragile rF+++ rC+ Dex-5}
rCold    + . .     Gourm    +   (shield currently unavailable)
rNeg     . . .     Faith    .   b - +0 animal skin
rPois    .         Spirit   .   (helmet restricted)
rElec    .         Reflect  .   n - +0 cloak
rCorr    .         Harm     .   (gloves unavailable)
MR       ++...     NoTele   +   (boots unavailable)
Stlth    +.........             (no amulet)
HPRegen  1.70/turn              o - +3 ring of strength
MPRegen  0.08/turn              p - +3 ring of intelligence

@: berserk cooldown, regenerating, slowed, very slow
A: large, unfitting armour, claws 3, fast metabolism 3, gourmand, regeneration
1, shaggy fur 1, tough skin 2
a: Berserk, Trog's Hand, Brothers in Arms, Renounce Religion


You were in the Dungeon.
You worshipped Trog.
Trog was exalted by your worship.
You were very full.

You visited 1 branch You collected 1275 gold pieces.

Inventory:

Hand Weapons
 a - a +4 antimagic giant club
 m - a +2 dire flail of protection
 w - the +4 giant club of War (weapon) {antimagic, Fragile rF+++ rC+ Dex-5}
   (Trog gifted it to you in the Dungeon)

   It reduces the magical energy of the wielder, and disrupts the spells and
   magical abilities of those hit.
   Natural abilities and divine invocations are not affected.
   It affects your dexterity (-5).
   It renders you almost immune to fire.
   It protects you from cold.
   It will be destroyed if unequipped.
 x - a +8 antimagic giant spiked club
 y - a +0 dire flail of protection
 z - the +5 giant spiked club of Tinytoyc {flame, *Corrode Str+9 Int+2 Dex-5, unknown}
   (Trog gifted it to you in the Dungeon)

   It has been specially enchanted to burn those struck by it, causing extra
   injury to most foes and up to half again as much damage against particularly
   susceptible opponents.
   It affects your strength (+9).
   It affects your intelligence (+2).
   It affects your dexterity (-5).
   It may corrode you when you take damage.
Armour
 b - a +0 animal skin (worn)
 n - a +0 cloak (worn)
Jewellery
 o - a +3 ring of strength (left claw)
 p - a +3 ring of intelligence (right claw)
Wands
 l - a wand of acid (10)
Scrolls
 i - 2 scrolls of blinking
 k - 4 scrolls of remove curse
 t - a scroll of fog
 u - 2 scrolls of fear
 v - 2 scrolls of identify
Potions
 d - 7 potions of curing
 e - a potion of brilliance
 f - a potion of haste
 g - 4 potions of magic
 h - 2 potions of berserk rage
 j - a potion of invisibility
 r - a potion of agility
 s - a potion of might
Comestibles
 c - 12 rations
 q - 16 chunks of flesh


   Skills:
 + Level 12.6 Fighting
 * Level 18.2 Maces & Flails
 + Level 12.7 Dodging


You had 10 spell levels left.
You didn't know any spells.
Your spell library was empty.

Dungeon Overview and Level Annotations

Branches:
Dungeon (1/1)

Altars:
Cheibriados
Dithmenos
Elyvilon
Fedhas
Gozag
Hepliaklqana
Kikubaaqudgha
Makhleb
Nemelex Xobeh
Okawaru
Qazlal
Ru
Sif Muna
Trog
Uskayaw
Vehumet
Wu Jian
Xom
Yredelemnul
Zin
The Shining One
Beogh
Jiyva
Lugonu

Shops:
D ((


Innate Abilities, Weirdness & Mutations

You are too large for most types of armour.
You have claws for hands.
Your metabolism is lightning-fast.
You like to eat raw meat.
Your natural rate of healing is unusually fast.
You are covered in fur. (AC +1)
You have very tough skin. (AC +2)


Message History

You barely miss the two-headed ogre.
The two-headed ogre is moderately wounded.
The two-headed ogre hits you but does no damage.
The two-headed ogre barely misses you.
You barely miss the two-headed ogre.
The two-headed ogre is moderately wounded.
You sock the two-headed ogre!
The two-headed ogre is heavily wounded.
The two-headed ogre hits you with a +0 giant club!
The two-headed ogre barely misses you.
You sock the two-headed ogre!
The two-headed ogre is severely wounded.
The two-headed ogre hits you with a +0 giant club!
* * * LOW HITPOINT WARNING * * *
The two-headed ogre hits you with a cursed -2 giant spiked club!!
* * * LOW HITPOINT WARNING * * *
You closely miss the two-headed ogre.
The two-headed ogre is severely wounded.
The two-headed ogre hits you with a +0 giant club!!
You die...

▓▓▓▓▓▓▓▓▓▓▓▓▓▓▓▓▓▓▓▓▓▓▓▓
∩$∩$$$O@).......)..)))).
▓▓▓▓▓▓▓▓▓▓▓▓▓▓▓▓▓▓▓▓▓▓▓▓▓▓▓▓▓▓▓▓▓
.................................
▓▓▓▓▓▓▓▓▓▓▓▓▓▓▓▓▓▓▓▓▓▓▓▓▓▓▓▓▓▓▓▓▓
[..'=...........'.÷.......'......
▓▓▓▓▓▓▓▓▓▓▓▓▓▓▓▓▓▓▓▓▓▓▓▓▓▓▓▓▓▓▓▓▓
.................................
▓▓▓▓▓▓▓▓▓▓▓▓▓▓▓▓▓▓▓▓▓▓▓▓▓▓▓▓▓▓▓▓▓
...).('..[[.)|?.'________________


You could see a two-headed ogre.

Vanquished Creatures
  2 dire elephants (D)
  2 hydras (D)
  2 centaur warriors (D)
  2 ogre magi (D)
  An unseen horror (D)
  An oklob plant (D)
  5 elephants (D)
  A black mamba (D)
  A gargoyle (D)
  A spiny frog (D)
  A komodo dragon (D)
  A blink frog (D)
  A yak (D)
  A wyvern (D)
  A basilisk (D)
  A porcupine (D)
  An eye of draining (D)
  9 orc warriors (D)
  A black bear (D)
  4 ogres (D)
  A centaur (D)
  A wolf (D)
  2 crocodiles (D)
  5 bullfrogs (D)
  A hound (D)
  2 orc priests (D)
  6 orc wizards (D)
  An adder zombie (D)
  A dart slug (D)
  A leopard gecko (D)
  10 orcs (D)
  2 goblins (D)
  2 hobgoblins (D)
  A bat (D)
  A giant cockroach zombie (D)
76 creatures vanquished.

Vanquished Creatures (collateral kills)
  A dire elephant (D)
  An orc knight (D)
  An orc warrior (D)
3 creatures vanquished.

Vanquished Creatures (others)
  A spatial maelstrom (D)
1 creature vanquished.

Grand Total: 80 creatures vanquished

Notes
Turn   | Place    | Note
-------+----------+-------------------------------------------
     0 | D        | Lanoc the Troll Berserker began the quest for the Orb.
     0 | D        | Reached XP level 1. HP: 22/22 MP: 0/0
     4 | D        | Reached skill level 3 in Maces & Flails
     5 | D        | Banished a spatial maelstrom
    17 | D        | Reached ** piety under Trog
   137 | D        | Reached XP level 2. HP: 27/31 MP: 1/1
   146 | D        | Reached *** piety under Trog
   154 | D        | Reached skill level 4 in Maces & Flails
   172 | D        | Found a roughly hewn altar of Beogh.
   172 | D        | Found a snail-covered altar of Cheibriados.
   172 | D        | Found a shadowy altar of Dithmenos.
   172 | D        | Found a white marble altar of Elyvilon.
   172 | D        | Found a blossoming altar of Fedhas.
   172 | D        | Found an opulent altar of Gozag.
   173 | D        | Found a hazy altar of Hepliaklqana.
   174 | D        | Found a viscous altar of Jiyva.
   175 | D        | Found an ancient bone altar of Kikubaaqudgha.
   176 | D        | Found a corrupted altar of Lugonu.
   177 | D        | Found a burning altar of Makhleb.
   178 | D        | Found a sparkling altar of Nemelex Xobeh.
   179 | D        | Found an iron altar of Okawaru.
   180 | D        | Found a stormy altar of Qazlal.
   181 | D        | Found a sacrificial altar of Ru.
   182 | D        | Found a deep blue altar of Sif Muna.
   183 | D        | Found a bloodstained altar of Trog.
   184 | D        | Found a hide-covered altar of Uskayaw.
   185 | D        | Found a radiant altar of Vehumet.
   186 | D        | Found an ornate altar of the Wu Jian Council.
   187 | D        | Found a shimmering altar of Xom.
   188 | D        | Found a basalt altar of Yredelemnul.
   189 | D        | Found a glowing silver altar of Zin.
   190 | D        | Found a glowing golden altar of the Shining One.
   226 | D        | Noticed a black bear
   226 | D        | Noticed a centaur
   226 | D        | Noticed an eye of draining
   228 | D        | Reached **** piety under Trog
   238 | D        | Killed an eye of draining
   238 | D        | Reached skill level 6 in Maces & Flails
   238 | D        | Reached XP level 3. HP: 40/40 MP: 0/2
   238 | D        | Reached XP level 4. HP: 49/49 MP: 0/3
   245 | D        | Reached skill level 7 in Maces & Flails
   245 | D        | Reached XP level 5. HP: 52/55 MP: 1/4
   252 | D        | Killed a centaur
   252 | D        | Reached skill level 5 in Fighting
   252 | D        | Reached skill level 8 in Maces & Flails
   252 | D        | Reached skill level 5 in Dodging
   256 | D        | Killed a black bear
   256 | D        | Reached ***** piety under Trog
   256 | D        | Reached skill level 9 in Maces & Flails
   256 | D        | Reached XP level 6. HP: 67/67 MP: 1/5
   307 | D        | Noticed a gargoyle
   307 | D        | Noticed an orc warrior
   307 | D        | Noticed a centaur warrior
   307 | D        | Noticed a centaur warrior
   316 | D        | Killed a centaur warrior
   316 | D        | Reached skill level 11 in Maces & Flails
   316 | D        | Reached XP level 7. HP: 78/79 MP: 6/6
   323 | D        | Killed a centaur warrior
   323 | D        | Reached skill level 12 in Maces & Flails
   323 | D        | Reached XP level 8. HP: 38/89 MP: 7/7
   341 | D        | Killed a gargoyle
   341 | D        | Reached skill level 13 in Maces & Flails
   341 | D        | Reached XP level 9. HP: 53/98 MP: 8/8
   345 | D        | Killed an unseen horror
   345 | D        | Received a gift from Trog
   527 | D        | Noticed a seven-headed hydra
   527 | D        | Noticed a spiny frog
   535 | D        | Reached skill level 14 in Maces & Flails
   547 | D        | Noticed a black mamba
   554 | D        | Killed a seven-headed hydra
   554 | D        | Reached skill level 10 in Fighting
   554 | D        | Reached skill level 10 in Dodging
   562 | D        | Killed a spiny frog
   562 | D        | Reached XP level 10. HP: 52/110 MP: 9/9
   575 | D        | Killed a black mamba
   575 | D        | Reached ****** piety under Trog
   575 | D        | Received a gift from Trog
   575 | D        | Reached skill level 15 in Maces & Flails
   581 | D        | Got a warped giant club {god gift}
   582 | D        | Identified the +4 giant club of War {antimagic, Fragile
                  | rF+++ rC+ Dex-5} (Trog gifted it to you in the Dungeon)
   694 | D        | Noticed a four-headed hydra
   698 | D        | Killed a four-headed hydra
   715 | D        | Noticed an oklob plant
   737 | D        | HP: 5/113 [blink frog (10)]
   904 | D        | Killed an oklob plant
   904 | D        | Reached skill level 16 in Maces & Flails
   950 | D        | Noticed an elephant
   950 | D        | Noticed a dire elephant
   950 | D        | Noticed an elephant
   950 | D        | Noticed a dire elephant
   950 | D        | Noticed an elephant
   950 | D        | Noticed an elephant
   960 | D        | Killed a dire elephant
   966 | D        | Killed a dire elephant
   970 | D        | Killed an elephant
   970 | D        | Reached XP level 11. HP: 42/122 MP: 3/10
   983 | D        | Received a gift from Trog
   983 | D        | Reached skill level 17 in Maces & Flails
  1002 | D        | HP: 6/123 [elephant (12)]
  1009 | D        | Noticed a dire elephant
  1183 | D        | Killed a dire elephant
  1347 | D        | Received a gift from Trog
  1420 | D        | Received a gift from Trog
  1422 | D        | Noticed an orc knight
  1439 | D        | Killed an orc knight
  1533 | D        | Received a gift from Trog
  1648 | D        | Found Gasunuipn's Antique Weapon Boutique.
  1648 | D        | Noticed an ogre mage
  1648 | D        | Noticed an ogre mage
  1662 | D        | Killed an ogre mage
  1662 | D        | Reached skill level 18 in Maces & Flails
  1665 | D        | Killed an ogre mage
  1665 | D        | Received a gift from Trog
  1672 | D        | Got a fine giant spiked club {god gift}
  1676 | D        | Found Gutt's Antique Weapon Shop.
  1676 | D        | Noticed a two-headed ogre
  1686 | D        | Slain by a two-headed ogre

Vault maps used:
D:        linesprint

Skill      XL: |  1  2  3  4  5  6  7  8  9 10 11 |
---------------+----------------------------------+-----
Maces & Flails | 3 6 7 9 11 12 13 14 16 18 | 18.2
Fighting       | 3 4 6 7 8 9 10 11 12 | 12.6
Dodging        | 4 6 7 8 9 10 11 12 | 12.7

Action                   |  1- 3 |  4- 6 |  7- 9 | 10-12 || total
-------------------------+-------+-------+-------+-------++-------
Melee: Mace              |    41 |       |       |       ||    41
       Dire flail        |    10 |    23 |    56 |    13 ||   102
       Giant club        |       |       |       |   145 ||   145
Invok: Berserk           |       |     2 |     1 |     5 ||     8
       Trog's Hand       |       |       |     1 |     5 ||     6
       Brothers in Arms  |       |       |       |     2 ||     2
  Use: Potion            |       |       |     3 |       ||     3
       Scroll            |       |       |       |     1 ||     1
 Stab: Distracted        |     1 |       |       |       ||     1
  Eat: Chunk             |     7 |       |     5 |    18 ||    30
Armor: Animal skin       |     7 |     4 |    10 |    10 ||    31
Dodge: Dodged            |    22 |    12 |    28 |    50 ||   112

Table legend:
 A = Non-vault XP
 B = Vault XP
 C = Vault XP percentage of total XP
 D = Non-vault monster count
 E = Vault monster count
 F = Vault count percentage of total count
                 A         B        C        D         E       F
            +---------+---------+-------+---------+---------+-------
      Total |       0 |   18302 | 100.0 |       0 |      79 | 100.0
            +---------+---------+-------+---------+---------+-------
          D |       0 |   18302 | 100.0 |       0 |      79 | 100.0
            +---------+---------+-------+---------+---------+-------
